 Dungeon Crawl Stone Soup version 0.29.1-12-g30fa7ad0bf (webtiles) character file.

Game seed: 1344481611139441979

551 cheesebisquit the Cleaver (level 7, -1/58 HPs)
             Began as a Minotaur Berserker on Dec 24, 2022.
             Was a Believer of Trog.
             Slain by a wyvern (11 damage)
             ... on level 5 of the Dungeon.
             The game lasted 00:14:11 (3130 turns).

cheesebisquit the Cleaver (Minotaur Berserker)      Turns: 3130, Time: 00:14:11

Health: -1/58      AC:  8    Str: 23    XL:     7   Next: 7%
Magic:  6/6        EV:  8    Int:  4    God:    Trog [**....]
Gold:   235        SH:  0    Dex: 10    Spells: 6/6 levels left

rFire   . . .      SeeInvis .   a - +0 hand axe
rCold   . . .      Faith    .   (no shield)
rNeg    . . .      Spirit   .   p - +0 chain mail
rPois   .          Reflect  .   (helmet restricted)
rElec   .          Harm     .   (no cloak)
rCorr   .          Rampage  .   (no gloves)
Will    .....                   (no boots)
Stlth   ..........              (no amulet)
HPRegen 0.19/turn               (no ring)
MPRegen 0.10/turn               (no ring)

@: no status effects
A: horns 2, retaliatory headbutt
a: Renounce Religion, Berserk, Trog's Hand


You were on level 5 of the Dungeon.
You worshipped Trog.
Trog was pleased with you.
You visited 1 branch of the dungeon, and saw 5 of its levels.

You collected 235 gold pieces.

Inventory:

Hand Weapons
 a - a +0 hand axe (weapon)
 b - a +3 sling
 k - a +0 sling
Missiles
 e - 42 stones
 j - 12 poisoned darts
 r - 5 atropa-tipped darts (quivered)
 v - 4 curare-tipped darts
 C - 2 throwing nets
Armour
 m - a +0 scale mail
 o - a +0 ring mail
 p - a +0 chain mail (worn)
 t - a +0 animal skin
 B - a +0 cloak
Jewellery
 x - a +6 ring of strength
Scrolls
 c - 3 scrolls of teleportation
 g - a scroll of magic mapping
 h - a scroll of noise {unknown}
 i - a scroll of vulnerability {unknown}
 l - a scroll of fear {unknown}
 y - a scroll of butterflies {unknown}
Potions
 d - a potion of attraction
 f - 2 potions of curing
 n - 2 potions of magic
 q - a potion of heal wounds
 s - a potion of flight
 u - a potion of invisibility {unknown}
 w - a potion of brilliance {unknown}
 z - a potion of resistance {unknown}
 A - a potion of haste {unknown}


   Skills:
 - Level 3.8 Fighting
 + Level 9.5 Axes
 - Level 2.7 Armour
 - Level 2.4 Dodging


You had 6 spell levels left.
You didn't know any spells.
Your spell library was empty.

Dungeon Overview and Level Annotations

Branches:
Dungeon (5/15)
 Temple: D:4-7

Altars:
Cheibriados
Trog

Shops:
D:1 :


Innate Abilities, Weirdness & Mutations

You have a pair of horns on your head.
You reflexively headbutt those who attack you in melee.


Message History

You kill the gnoll!
Trog accepts your kill.
You see here a +0 whip.
You see here a +0 giant spiked club.
Things that are here:
a +0 flail; a +0 spear; a gnoll corpse
Things that are here:
a +0 club; a gnoll corpse A wyvern comes into view.
Your skin crawls.
You feel strong-willed. The wyvern bites you. x2
You hit the wyvern but do no damage. The wyvern barely misses you.
You hit the wyvern. You headbutt the wyvern.
The wyvern is moderately wounded.
You feel the effects of Trog's Hand fading.
The wyvern bites you!
You closely miss the wyvern.
The wyvern is moderately wounded.
The wyvern hisses menacingly.
The wyvern bites you.
You hit the wyvern but do no damage. Your headbutt misses the wyvern.
The wyvern is moderately wounded.
The wyvern bites you!
The wyvern bites you but does no damage.
You hit the wyvern. You headbutt the wyvern.
The wyvern is severely wounded.
The wyvern bites you but does no damage.
You hit the wyvern but do no damage.
The wyvern is severely wounded.
The wyvern closely misses you.
You barely miss the wyvern.
The wyvern is severely wounded.
The wyvern bites you!
* * * LOW HITPOINT WARNING * * *
You hit the wyvern but do no damage.
The wyvern is severely wounded.
Your skin stops crawling.
You feel less strong-willed. The wyvern bites you!
You die...

#...#
#..##.#####.## ..
#.<##.#....... #
#.....#.......
##.####....... #.#
....... #.# .......
#.####.......
#...)).......
.......##@)).......
....... #l##.......
........... .......
...........#.......
.......##..#.......
...###. ..>########
... #. #.## #.#


You could see a wyvern.

Vanquished Creatures
  An ogre (D:5)
  A scorpion (D:4)
  A jelly (D:4)
  4 hounds (D:4)
  An orc priest (D:3)
  An orc wizard (D:2)
  7 gnolls (D:5)
  4 adders
  2 white imps (D:5)
  A dart slug (D:4)
  12 orcs
  7 endoplasms
  2 giant cockroaches (D:4)
  4 hobgoblins
  4 jackals (D:4)
  4 quokkas
  10 ball pythons
  2 bats (D:1)
  6 frilled lizards
  7 goblins
  5 kobolds
  4 rats (D:2)
90 creatures vanquished.

Vanquished Creatures (others)
  3 fungi (D:3)
3 creatures vanquished.

Grand Total: 93 creatures vanquished

Notes
Turn   | Place    | Note
-------+----------+-------------------------------------------
     0 | D:1      | cheesebisquit the Minotaur Berserker began the quest for
                  | the Orb.
     0 | D:1      | Reached XP level 1. HP: 19/19 MP: 0/0
    23 | D:1      | Found Ahitenoy's Vocational Training.
   260 | D:1      | Reached XP level 2. HP: 25/27 MP: 1/1
   388 | D:1      | Reached skill level 4 in Axes
   871 | D:2      | Reached XP level 3. HP: 33/33 MP: 2/2
   987 | D:2      | Reached skill level 5 in Axes
  1003 | D:2      | Found a faded altar of an unknown god.
  1008 | D:2      | Reached XP level 4. HP: 40/40 MP: 3/3
  1374 | D:3      | Reached ** piety under Trog
  1377 | D:3      | Reached skill level 6 in Axes
  1519 | D:3      | You fall into a shaft and drop 1 floor!
  1789 | D:4      | Noticed a scorpion
  1797 | D:4      | Killed a scorpion
  1798 | D:4      | Reached skill level 7 in Axes
  1798 | D:4      | Reached XP level 5. HP: 46/46 MP: 4/4
  2118 | D:4      | Reached XP level 6. HP: 52/52 MP: 5/5
  2138 | D:4      | Found a snail-covered altar of Cheibriados.
  2412 | D:4      | Reached skill level 8 in Axes
  2746 | D:5      | Entered Level 5 of the Dungeon
  2835 | D:5      | Found a bloodstained altar of Trog.
  2981 | D:5      | Reached skill level 9 in Axes
  2986 | D:5      | Reached *** piety under Trog
  2987 | D:5      | Reached XP level 7. HP: 32/58 MP: 6/6
  3120 | D:5      | Noticed a wyvern
  3130 | D:5      | Slain by a wyvern

Illustrated notes

Levels and vault maps discovered:
D:1:      heliophobic_arrival_henge, layout_loops_ring, nicolae_shop_vocational
D:2:      layout_basic, ebering_ecumenical_altar_ruins
D:3:      layout_rooms, mainiacjoe_overflow_cross_hatched
D:4:      minmay_skewed_foursquare, layout_loops_ring, kennysheep_slug_shrine,
          amethyst_killhole, dreamdust_wishing_well, st_stairs_14
D:5:      layout_basic, mainiacjoe_overflow_catwalk, guppyfry_shop_venom,
          uniq_blork_the_orc, uniq_sigmund

Skill      XL: |  1  2  3  4  5  6 |
---------------+-------------------+-----
Axes           | 4 5 7 9 |  9.5
Fighting       | |  3.8
Armour         | |  2.7
Dodging        | |  2.4

Action                   |  1- 3 |  4- 6 |  7- 9 || total
-------------------------+-------+-------+-------++-------
Melee: Hand axe          |    61 |   144 |    14 ||   219
       Headbutt          |     4 |    27 |     3 ||    34
       Punch             |       |     1 |       ||     1
Invok: Berserk           |     1 |     2 |       ||     3
       Trog's Hand       |       |     1 |     1 ||     2
  Use: Scroll            |     1 |     7 |       ||     8
Armor: Animal skin       |     5 |       |       ||     5
       Scale mail        |    10 |       |       ||    10
       Chain mail        |     5 |    67 |     5 ||    77
Dodge: Dodged            |    40 |    58 |     5 ||   103
